 Dungeon Crawl Stone Soup version 0.30-a0-1075-gcd70e7a56d (webtiles) character file.

Game seed: 406125477126255572

112 retardedninja the Trooper (level 4, -7/43 HPs)
             Began as a Naga Fighter on Apr 14, 2023.
             Killed by divine providence
             ... invoked by an orc priest
              (17 damage)
             ... on level 3 of the Dungeon.
             The game lasted 00:02:31 (1497 turns).

retardedninja the Trooper (Naga Fighter)            Turns: 1497, Time: 00:02:32

Health: -7/43      AC:  8    Str: 20    XL:     4   Next: 93%
Magic:  4/4        EV:  3    Int:  8    God:
Gold:   134        SH:  4    Dex: 11    Spells: 3/3 levels left

rFire   . . .      SeeInvis +    a - +0 war axe
rCold   . . .      Faith    .    c - +0 buckler
rNeg    . . .      Spirit   .    j - +0 plate armour
rPois   +          Reflect  .    (no helmet)
rElec   .          Rampage  .    (no cloak)
rCorr   .                        g - +0 pair of gloves
Will    .....                    (no barding) Stlth
                                 (no amulet)
HPRegen 0.27/turn                h - ring of flight
MPRegen 0.09/turn                (no ring)

@: lethally poisoned (-7 -> -8), flying, very slow
A: AC +1, large, see invisible, deformed body, poison resistance, slowness 2,
spit poison 1, naga tail 1
a: Spit Poison


You were on level 3 of the Dungeon.
You visited 1 branch of the dungeon, and saw 3 of its levels.

You collected 134 gold pieces.

Inventory:

Hand Weapons
 a - a +0 war axe (weapon)
Armour
 c - a +0 buckler (worn)
 g - a +0 pair of gloves (worn)
 j - a +0 plate armour (worn)
Jewellery
 h - a ring of flight (left hand)
Wands
 n - a wand of digging (5)
Scrolls
 f - 3 scrolls of teleportation {unknown}
 i - a scroll of amnesia {unknown}
 k - a scroll of identify {unknown}
 m - 2 scrolls of poison {unknown}
 p - a scroll of magic mapping {unknown}
 q - a scroll of blinking {unknown}
Potions
 d - a potion of might
 e - a potion of cancellation {unknown}
 l - 2 potions of flight {unknown}
 o - a potion of resistance {unknown}


   Skills:
 + Level 3.6 Fighting
 * Level 3.3 Axes
 + Level 3.0 Armour
 + Level 3.2 Shields


You had 3 spell levels left.
You didn't know any spells.
Your spell library contained the following spells:

 Spells                   Type           Power      Damage    Failure   Level
 Magic Dart               Conj           0%         1d3       100%        1
 Call Imp                 Summ           0%         N/A       100%        2
 Mephitic Cloud           Conj/Pois/Air  0%         N/A       100%        3


Dungeon Overview and Level Annotations

Branches:
Dungeon (3/15)

Altars:


Innate Abilities, Weirdness & Mutations

Your serpentine skin is tough. (AC +1)
You have supernaturally acute eyesight. (SInv)
Armour fits poorly on your strangely shaped body.
Your system is resistant to poisons. (rPois)
You cover ground very slowly.
You can spit poison.
You have a snake-like lower body.


Message History

The orc priest hits you but does no damage.
You closely miss the orc priest.
The orc priest drinks a potion.
The orc priest seems to speed up.
You barely miss the orc priest. You hit the orc but do no damage.
The orc priest hits you with a +0 hand axe.
You block the orc's attack. You block the orc priest's attack.
The orc hits you but does no damage.
You are poisoned.
You slash the orc priest!
The orc priest is heavily wounded.
You slash the orc!
You kill the orc!
You feel very sick.
The orc priest hits you but does no damage.
The orc priest calls down the wrath of Beogh upon you.
Pain shoots through your body!
You barely miss the orc priest.
The orc priest is heavily wounded.
You feel sick.
The orc priest hits you with a +0 hand axe.
The orc priest hits you but does no damage.
You hit the orc priest but do no damage.
The orc priest is heavily wounded.
You feel sick.
The orc priest looks encouraged for a moment.
The orc priest completely misses you.
You hit the orc priest but do no damage.
The orc priest is heavily wounded.
You feel sick.
The orc priest invokes the aid of Beogh against you.
Pain shoots through your body! You block the orc priest's attack.
You slash the orc priest!
The orc priest is almost dead.
You feel sick.
The orc priest hits you with a +0 hand axe.
* * * LOW HITPOINT WARNING * * *
The orc priest hits you but does no damage.
The orc priest invokes the aid of Beogh against you.
Beogh smites you!
You die...

#######
#...... ###
...... ..#
#.... #.#
... #.#
#)###.# ###.
#o@...# ....
#.......#..#
....
....####.#.#
...# ...
###)# .#.# .
#..# .#.#
#)## ...#
#.# .#.# #.#
.(.# #.#


You could see an orc priest (fast).

Vanquished Creatures
  An orc wizard (D:3)
  4 adders
  4 dart slugs
  2 orcs (D:3)
  5 ball pythons
  5 bats
  7 endoplasms
  A goblin (D:2)
  3 hobgoblins
  2 quokkas (D:2)
  4 kobolds
  6 rats
44 creatures vanquished.

Notes
Turn   | Place    | Note
-------+----------+-------------------------------------------
     0 | D:1      | retardedninja the Naga Fighter began the quest for the Orb.
     0 | D:1      | Reached XP level 1. HP: 21/21 MP: 1/1
   161 | D:1      | Reached XP level 2. HP: 28/28 MP: 2/2
   607 | D:1      | Reached XP level 3. HP: 32/34 MP: 3/3
   824 | D:2      | Reached XP level 4. HP: 15/42 MP: 4/4
  1497 | D:3      | Killed from afar by an orc priest

Illustrated notes

Levels and vault maps discovered:
D:1:      minmay_arrival_diagonal_passages, layout_basic, minmay_statues_item
D:2:      layout_basic, minmay_misc_feat_five, minmay_pentomino_t2
D:3:      layout_loops_cross, mainiacjoe_overflow_surrounded_room, uniq_ijyb

Skill      XL: |  1  2  3  4 |
---------------+-------------+-----
Shields        | 3 |  3.2
Axes           | 3 |  3.3
Armour         | 3 |  3.0
Fighting       | |  3.6

Action                     |  1- 3 |  4- 6 || total
---------------------------+-------+-------++-------
  Melee: War axe           |    87 |    49 ||   136
 Armour: Scale mail        |     6 |       ||     6
         Plate armour      |    73 |    43 ||   116
  Dodge: Dodged            |     9 |     9 ||    18
  Block: Buckler           |    15 |    14 ||    29

Table legend: (Time is in decaauts)
 A = Elapsed time spent in this place.
 B = Non-inter-level travel time spent in this place.
 C = Inter-level travel time spent in this place.
 D = Time resting spent in this place.
 E = Time spent auto-exploring this place.
 F = Levels seen in this place.
 G = Mean time per level.
                   A        B        C        D        E       F      G
               +--------+--------+--------+--------+--------+-----+--------+
         Total |   1982 |   1861 |    121 |      0 |   1446 |   3 |  660.7 |
       Dungeon |   1982 |   1861 |    121 |      0 |   1446 |   3 |  660.7 |
               +--------+--------+--------+--------+--------+-----+--------+

Top non-repeatable levels by time:
     D:1: 919 daAuts
     D:2: 825 daAuts
     D:3: 237 daAuts
